 Dungeon Crawl Stone Soup version 0.22-a0-160-gcc81d7a (webtiles) character file.

11731 Borgoz the Schismatic (level 11, -5/101 HPs)
             Began as a Hill Orc Abyssal Knight on Feb 10, 2018.
             Was an Elder of Lugonu.
             Slain by a vampire (10 damage)
             ... on level 11 of the Dungeon.
             The game lasted 00:31:44 (17699 turns).

Borgoz the Schismatic (Hill Orc Abyssal Knight)    Turns: 17699, Time: 00:31:44

Health: -5/101     AC: 14    Str: 18    XL:     11   Next: 82%
Magic:  19/19      EV: 15    Int: 12    God:    Lugonu [****..]
Gold:   508        SH:  3    Dex: 14    Spells: 10/10 levels left

rFire    + + +     SeeInvis .   b - +4 mace (drain)
rCold    . . .     Gourm    .   (no shield)
rNeg     . . .     Faith    .   g - +0 ring mail {rF+}
rPois    +         Spirit   .   (no helmet)
rElec    .         Reflect  +   d - +2 cloak {rPois}
rCorr    .         Harm     .   s - +0 pair of gloves {Dex+3}
MR       .....                  q - +1 pair of boots
Stlth    +.........             u - +3 amulet of reflection
HPRegen  0.26/turn              t - ring of protection from fire
MPRegen  0.16/turn              f - ring of protection from fire

@: no status effects
A: no striking features
a: Depart the Abyss, Bend Space, Banish, Corrupt, Renounce Religion


You were on level 11 of the Dungeon.
You worshipped Lugonu.
Lugonu was greatly pleased with you.
You were not hungry.

You visited 2 branches of the dungeon, and saw 12 of its levels.
You visited the Abyss 1 time.
You also visited: Bailey.

You collected 508 gold pieces.

Inventory:

Hand Weapons
 b - a +4 mace of draining (weapon)
Armour
 d - a +2 cloak of poison resistance (worn)
 g - a +0 ring mail of fire resistance (worn)
 q - a +1 pair of boots (worn)
 s - a +0 pair of gloves of dexterity (worn)
Magical Staves
 m - an uncursed staff of death
Jewellery
 f - a ring of protection from fire (right hand)
 t - a ring of protection from fire (left hand)
 u - a +3 amulet of reflection (around neck)
 w - an uncursed ring of see invisible
Wands
 e - a wand of digging (15)
 B - a wand of disintegration (21)
 C - a wand of random effects (30)
 F - a wand of paralysis (33)
Scrolls
 a - a scroll of enchant armour {unknown}
 i - 4 scrolls of fog
 j - 2 scrolls of remove curse
 k - 4 scrolls of teleportation
 n - a scroll of enchant weapon
 v - a scroll of amnesia
 A - a scroll of fear {unknown}
Potions
 h - 2 potions of brilliance
 l - 2 potions of flight
 r - a potion of mutation {unknown}
 x - 3 potions of cancellation
 z - a potion of magic
Books
 y - a book of Air

   Spells                             Type                      Level
   a - Shock                          Conjuration/Air              1
   b - Swiftness                      Charms/Air                   2
   c - Static Discharge               Conjuration/Air              3
   d - Airstrike                      Air                          4
   e - Lightning Bolt                 Conjuration/Air              5
Comestibles
 c - 17 rations


   Skills:
 + Level 10.7 Fighting
   Level 10.6 Axes
 + Level 9.5 Armour
 + Level 7.0 Dodging
 + Level 11.0 Invocations


You had 10 spell levels left.
You didn't know any spells.

Dungeon Overview and Level Annotations

Branches:
Dungeon (11/15)            Temple (1/1) D:4            Lair (0/6) D:10
    Orc: D:9-12

Altars:
Ashenzari
Cheibriados
Dithmenos
Elyvilon
Fedhas
Gozag
Hepliaklqana
Kikubaaqudgha
Makhleb
Nemelex Xobeh
Okawaru
Qazlal
Ru
Sif Muna
Trog
Uskayaw
Vehumet
Wu Jian
Xom
Yredelemnul
Zin
The Shining One

Shops:
D:7 [=

Annotations:
D:11 Azzok's ghost, journeyman GnEn


Message History

Something bites you.
* * * LOW HITPOINT WARNING * * *
Something draws strength from your injuries!
You barely miss something. Something hits you!
* * * LOW HITPOINT WARNING * * *
Something bites you but does no damage.
Okay, then.
Okay, then.
You barely miss something. Something hits you but does no damage.
Something bites you but does no damage.
You hit something but do no damage. Something hits you but does no damage.
Something bites you but does no damage.
You completely miss something. Something hits you!
* * * LOW HITPOINT WARNING * * *
Something bites you but does no damage.
Your ring mail prevents you from hitting something.
You hear some strange, mumbled words.
Something tries to affect you, but you resist.
You hit something. Something hits you!
You die...

##.#...##)# #.####
#.......>.# #.##..
#.........###.##.#
#..........##.##.#
#.................
#................#
#.................
#.###......#####.#
#@# #......# #.#
###{####..##<# #.#
#..o..##..##.# #.#
####.....#......#
.# #........#
#.##.....# #
#..>..#
####......#
.........


You could see an orc.

Vanquished Creatures
  Erolcha (D:9)
  3 two-headed ogres
  Pikel (D:9)
  A deep elf mage (D:9)
  Joseph (D:9)
  2 hornets (D:9)
  Prince Ribbit (D:8)
  5 yaks (D:9)
  A wyvern (D:7)
  2 hungry ghosts
  Grum (D:8)
  Edmund (D:6)
  A soldier ant (D:9)
  2 hell hounds (D:10)
  3 orc warriors
  2 sky beasts
  3 ice beasts
  A slave (D:9)
  A phantom (D:9)
  3 black bears
  A hornet zombie (D:8)
  7 ogres
  2 necrophages
  2 wolves
  2 centaurs (D:10)
  Blork the orc (D:5)
  A big kobold (D:10)
  2 bullfrogs
  3 scorpions
  5 killer bees (D:8)
  4 wights (D:6)
  A howler monkey (D:7)
  An electric eel (D:10)
  6 crimson imps
  2 jellies
  2 bullfrog skeletons
  A centaur skeleton (D:5)
  A gnoll shaman (D:2)
  3 hounds
  2 iguanas
  8 orc priests
  17 orc wizards
  11 worker ants
  2 hound zombies
  A hound skeleton (D:9)
  6 gnolls
  A howler monkey skeleton (D:8)
  10 adders
  3 shadow imps
  An ooze (D:3)
  4 worms
  3 dart slugs
  4 leopard geckos
  62 orcs
  3 giant cockroaches
  7 goblins
  7 hobgoblins
  4 jackals
  4 quokkas
  3 ball pythons
  8 bats
  7 frilled lizards
  2 giant cockroach zombies
  14 kobolds
  A quokka skeleton (D:7)
  A quokka zombie (D:7)
  11 rats
290 creatures vanquished.

Vanquished Creatures (others)
  3 orc knights (Bailey)
  3 slaves (D:9)
6 creatures vanquished.

Grand Total: 296 creatures vanquished

Notes
Turn   | Place    | Note
-------+----------+-------------------------------------------
     0 | Abyss:1  | Borgoz the Hill Orc Abyssal Knight began the quest for the Orb.
     0 | Abyss:1  | Reached XP level 1. HP: 19/19 MP: 2/2
    40 | Abyss:1  | Found a corrupted altar of Lugonu.
    51 | Abyss:1  | Noticed a thrashing horror
    52 | D:1      | Escaped the Abyss
   312 | D:1      | Found a glowing golden altar of the Shining One.
   328 | D:1      | Reached * piety under Lugonu
   328 | D:1      | Reached XP level 2. HP: 23/27 MP: 3/3
   923 | D:2      | Reached skill level 1 in Dodging
   936 | D:2      | Reached XP level 3. HP: 26/33 MP: 4/4
  1122 | D:2      | Found a faded altar of an unknown god.
  1174 | D:2      | Reached skill level 3 in Invocations
  1174 | D:2      | Reached XP level 4. HP: 30/41 MP: 6/6
  1534 | D:2      | Found a shadowy altar of Dithmenos.
  1809 | D:2      | Reached XP level 5. HP: 17/47 MP: 7/7
  2240 | D:3      | Reached ** piety under Lugonu
  2518 | D:3      | Reached skill level 5 in Fighting
  2518 | D:3      | Reached XP level 6. HP: 47/56 MP: 8/8
  2606 | D:3      | Reached skill level 4 in Invocations
  3083 | D:4      | Reached *** piety under Lugonu
  3416 | D:4      | Reached skill level 5 in Axes
  3460 | D:4      | Reached XP level 7. HP: 54/61 MP: 10/10
  3653 | D:4      | Found a staircase to the Ecumenical Temple.
  3728 | Temple   | Entered the Ecumenical Temple
  4913 | D:5      | Entered Level 5 of the Dungeon
  4976 | D:5      | Reached skill level 5 in Invocations
  5191 | D:5      | Reached XP level 8. HP: 70/70 MP: 10/12
  5258 | D:5      | Noticed Blork the orc
  5448 | D:5      | Killed Blork the orc
  5802 | D:5      | Reached **** piety under Lugonu
  5955 | D:5      | Reached skill level 5 in Armour
  6022 | D:5      | Found an iron altar of Okawaru.
  6023 | D:5      | Found a radiant altar of Vehumet.
  6350 | D:6      | Reached skill level 6 in Invocations
  6974 | D:6      | Reached XP level 9. HP: 76/79 MP: 12/14
  7092 | D:6      | Reached skill level 7 in Invocations
  7284 | D:6      | Noticed Edmund
  7312 | D:6      | Killed Edmund
  8397 | D:7      | Found Qithovy's Jewellery Boutique.
  8801 | D:7      | Found a shimmering altar of Xom.
  8801 | D:7      | Found a shimmering altar of Xom.
  8801 | D:7      | Found a shimmering altar of Xom.
  8802 | D:7      | Found a shimmering altar of Xom.
  8802 | D:7      | Noticed a troll
  8809 | D:7      | Found a shimmering altar of Xom.
  8809 | D:7      | Found a shimmering altar of Xom.
  8809 | D:7      | Found a shimmering altar of Xom.
  8810 | D:7      | Found a shimmering altar of Xom.
  8811 | D:7      | Found Aro Woas's Antique Armour Shoppe.
  8874 | D:7      | Noticed a queen bee
  9064 | D:7      | Noticed a death drake
  9064 | D:7      | Noticed a hornet
  9064 | D:7      | an acid dragon changed into a hornet
  9152 | D:8      | Reached skill level 8 in Invocations
  9199 | D:8      | HP: 2/81 [hornet zombie (3)]
  9376 | D:8      | Reached skill level 5 in Dodging
  9381 | D:8      | Reached XP level 10. HP: 41/89 MP: 16/16
  9403 | D:8      | Found a flagged portal.
  9410 | D:8      | Noticed Grum
  9412 | Bailey   | Entered a bailey
  9750 | Bailey   | Noticed an orc knight
  9786 | Bailey   | Reached ***** piety under Lugonu
 10251 | Bailey   | Noticed an orc knight
 10415 | Bailey   | Noticed an orc knight
 10417 | Bailey   | Banished an orc knight
 10463 | Bailey   | Banished an orc knight
 10524 | Bailey   | Banished an orc knight
 11967 | D:8      | Killed Grum
 11976 | D:7      | Reached skill level 9 in Invocations
 13006 | D:9      | Noticed Prince Ribbit
 13168 | D:9      | Noticed Erolcha
 13202 | D:8      | Killed Prince Ribbit
 13417 | D:9      | Killed Erolcha
 13763 | D:9      | Noticed Pikel
 13781 | D:9      | Killed Pikel
 13781 | D:9      | Reached skill level 10 in Axes
 13796 | D:9      | Reached XP level 11. HP: 36/97 MP: 18/18
 14238 | D:9      | Noticed Joseph
 14255 | D:9      | Killed Joseph
 14509 | D:9      | Paralysed by a hornet for 2 turns
 14511 | D:9      | Reached skill level 10 in Invocations
 14811 | D:9      | Reached skill level 10 in Fighting
 15027 | D:9      | Noticed a deep elf mage
 15035 | D:9      | Killed a deep elf mage
 15335 | D:10     | Entered Level 10 of the Dungeon
 15363 | D:10     | Noticed a two-headed ogre
 15369 | D:10     | Noticed a two-headed ogre
 15374 | D:10     | Killed a two-headed ogre
 15877 | D:10     | Noticed a sea snake
 15921 | D:10     | Noticed a sea snake
 15980 | D:10     | Found a staircase to the Lair.
 16259 | D:10     | Killed a two-headed ogre
 16970 | D:10     | Got a brightly glowing ring mail
 16981 | D:10     | Identified the +5 ring mail of Valiance {Str-4 Int+3 Slay+3} (You found it on level 10 of the Dungeon)
 17331 | D:11     | Noticed Azzok's ghost (journeyman GnEn)
 17480 | D:11     | Noticed a two-headed ogre
 17493 | D:11     | Killed a two-headed ogre
 17493 | D:11     | Reached skill level 11 in Invocations
 17697 | D:11     | HP: 4/101 [something (10)]
 17699 | D:11     | Slain by a vampire

Vault maps used:
D:1:      dpeg_arrival_chambers_temple_mockup, tso_metal_star
D:2:      nicolae_dithmenos_through_a_glass_darkly,
          chequers_ecumenical_altar_simple_redux
D:4:      temple_hall, first_ration
D:5:      minitemple, uniq_blork_the_orc
D:6:      black_bear_nest_1, uniq_edmund
D:7:      xom_shifter_show, serial_shops, shop, nicolae_shop_statue_plus
D:8:      enter_bailey_1, uniq_grum
D:9:      hangedman_pestilent_swarm, guppyfry_early_elven_hall, uniq_pikel,
          uniq_prince_ribbit1, uniq_joseph, uniq_erolcha
D:10:     minmay_lair_entry_lava, serial_aquarium, aquarium_bridge_square,
          aquarium_bridge_long_joined, aquarium_window_corner,
          aquarium_window_fake, aquarium_view_2d, hangedman_glass_teeth,
          minmay_tree_intersection, minmay_crystal_water
D:11:     david_orc_3, minmay_misc_feat_roman
Temple:   regret_index_temple_mists
Bailey:   bailey_polearm_1, bailey

Skill      XL: |  1  2  3  4  5  6  7  8  9 10 11 |
---------------+----------------------------------+-----
Fighting       | 4 5 6 7 8 9 10 | 10.7
Axes           | 3 4 5 7 8 10 | 10.6
Dodging        | 1 2 3 4 5 6 7 |  7.0
Invocations    | 3 4 5 6 8 9 11 | 11.0
Armour         | 3 4 5 7 8 9 |  9.5

Action                   |  1- 3 |  4- 6 |  7- 9 | 10-12 || total
-------------------------+-------+-------+-------+-------++-------
Melee: Hand axe          |    44 |       |     7 |       ||    51
       Mace              |    43 |   189 |   653 |   566 ||  1451
       Whip              |       |       |    15 |       ||    15
Invok: Depart the Abyss  |     1 |       |       |       ||     1
       Banish            |       |       |       |     6 ||     6
  Use: Scroll            |       |     4 |    11 |     7 ||    22
       Potion            |       |       |     4 |    10 ||    14
  Eat: Chunk             |     1 |     7 |    20 |    16 ||    44
       Ration            |       |       |     2 |     5 ||     7
Armor: Leather armour    |     3 |       |       |       ||     3
       Ring mail         |    38 |    92 |   275 |   198 ||   603
       Skin              |       |       |    13 |       ||    13
Dodge: Dodged            |    57 |   110 |   408 |   454 ||  1029
Block: Other             |       |       |    72 |    71 ||   143
       Reflection        |       |       |       |     1 ||     1

Table legend:
 A = Spawn XP
 B = Non-spawn XP
 C = Spawn XP percentage of total XP
 D = Spawn monster count
 E = Non-spawn monster count
 F = Spawn count percentage of total count
 G = Total turns spent on level
                    A         B        C        D         E        F      G
               +---------+---------+-------+---------+---------+-------+---------
         Total |       0 |   16759 |   0.0 |       0 |     292 |   0.0 | 17699
               +---------+---------+-------+---------+---------+-------+---------
           D:1 |       0 |      26 |   0.0 |       0 |      15 |   0.0 |   854
           D:2 |       0 |     158 |   0.0 |       0 |      28 |   0.0 |  1414
           D:3 |       0 |     226 |   0.0 |       0 |      34 |   0.0 |   653
           D:4 |       0 |     459 |   0.0 |       0 |      24 |   0.0 |  1918
           D:5 |       0 |     922 |   0.0 |       0 |      30 |   0.0 |  1231
           D:6 |       0 |    1678 |   0.0 |       0 |      39 |   0.0 |  1754
           D:7 |       0 |     947 |   0.0 |       0 |      20 |   0.0 |  1582
           D:8 |       0 |    1733 |   0.0 |       0 |      27 |   0.0 |  1600
           D:9 |       0 |    4823 |   0.0 |       0 |      22 |   0.0 |  2073
          D:10 |       0 |    3404 |   0.0 |       0 |      30 |   0.0 |  2007
          D:11 |       0 |    1269 |   0.0 |       0 |       8 |   0.0 |   357
        Bailey |       0 |    1114 |   0.0 |       0 |      15 |   0.0 |  2033
               +---------+---------+-------+---------+---------+-------+---------
